 Dungeon Crawl Stone Soup version 0.31.0-11-ge490571c62 (webtiles) character file.

Game seed: 8880690264964555216

349 qw the Skirmisher (level 6, 0/35 HPs)
             Began as a Deep Elf Hunter on Feb 3, 2024.
             Slain by Robin
             ... wielding a +0 heavy spear
              (4 damage)
             ... on level 3 of the Dungeon.
             The game lasted 00:00:51 (2821 turns).

qw the Skirmisher (Deep Elf Hunter)                 Turns: 2821, Time: 00:00:52

Health: 0/35       AC:  6    Str: 10    XL:     6   Next: 33%
Magic:  8/8        EV: 11    Int: 14    God:
Gold:   109        SH:  0    Dex: 18    Spells: 5/5 levels left

rFire   . . .        a - +0 shortbow
rCold   . . .        (shield currently unavailable)
rNeg    . . .        j - +0 ring mail
rPois   .            (no helmet)
rElec   .            (no cloak)
rCorr   .            (no gloves)
SInv    .            i - +0 pair of boots
Will    .....        (no amulet)
Stlth   +            (no ring)
HPRegen 0.25/turn    (no ring)
MPRegen 0.11/turn

%: no passive effects
@: no status effects
A: no striking features
a: no special abilities


You were on level 3 of the Dungeon.
You visited 1 branch of the dungeon, and saw 4 of its levels.
You also visited: Ossuary.

You collected 109 gold pieces.


   Skills:
 - Level 2.0 Fighting
 + Level 9.9 Ranged Weapons
 - Level 2.4 Dodging
 - Level 1.2 Stealth


You had 5 spell levels left.
You didn't know any spells.
Your spell library was empty.

Inventory:

Hand Weapons
 a - a +0 shortbow (weapon)
Armour
 i - a +0 pair of boots (worn)
 j - a +0 ring mail (worn)
Potions
 b - a potion of curing
 d - 3 potions of might
 g - a potion of resistance {unknown}
 h - a potion of attraction {unknown}

Dungeon Overview and Level Annotations

Branches:
Dungeon (4/15)            Ossuary (visited)
 Temple: D:4-7

Altars:

Annotations:
D:3 Grinder, Robin


Message History

The jackal bites you.
You shoot an arrow.
The arrow hits the jackal but does no damage.
The jackal bites you but does no damage.
Robin hits you but does no damage.
The jackal bites you but does no damage.
You shoot an arrow. The arrow completely misses the jackal.
The jackal bites you but does no damage.
Robin hits you from afar with a +0 heavy spear.
The jackal bites you but does no damage.
You shoot an arrow. The arrow closely misses the jackal.
The jackal barely misses you. Robin hits you but does no damage.
You shoot an arrow. The arrow closely misses the jackal.
The jackal closely misses you. The jackal misses you.
You shoot an arrow. The arrow barely misses the jackal.
Robin hits you from afar with a +0 heavy spear.
The jackal bites you but does no damage.
You shoot an arrow. The arrow hits the jackal.
The jackal is heavily wounded.
The jackal bites you but does no damage.
Robin hits you from afar with a +0 heavy spear.
You shoot an arrow.
The arrow hits the jackal but does no damage.
The jackal is heavily wounded.
The jackal barely misses you.
The jackal bites you but does no damage.
You shoot an arrow. The arrow hits the jackal!
You kill the jackal!
Robin hits you from afar with a +0 heavy spear!
You shoot an arrow. The arrow hits Robin.
Robin is moderately wounded.
Robin hits you from afar with a +0 heavy spear.
You shoot an arrow.
The arrow hits Robin but does no damage.
Robin is moderately wounded.
You shoot an arrow. The arrow hits Robin.
Robin is heavily wounded.
Robin hits you from afar with a +0 heavy spear.
You die...
Robin lets out a smug laugh.

##...>.###.##.#
#.......##.##.#
#...>...##.##.# #
#.......##.##.##.#
#......##...^...#
#........##%########
#####)#####........###
####)#####..#.......#
#..%@.......#.....#.#
.....##.######.#..#..#.#
##.# g.# #.#.#...... ..
.### #..###..#.# ..
##.## ##.#.# .) #.##
##..# #.. ##.## ##.###
#. #..###.....
#.#.#.%#...


You could see Robin.

Vanquished Creatures
  An elf zombie (Ossuary)
  2 hounds (D:4)
  Jessica (D:3)
  2 hound zombies (Ossuary)
  A gnoll (D:1)
  4 adders
  6 adder zombies (Ossuary)
  2 dart slugs
  A ribbon worm (D:3)
  An orc (D:3)
  4 ball pythons
  4 bats
  5 endoplasms
  3 giant cockroaches
  6 gnoll zombies (Ossuary)
  10 hobgoblins
  8 jackals
  2 kobolds
  2 quokkas
  A frilled lizard (D:2)
  11 goblins
  4 jackal zombies (Ossuary)
  An orc zombie (Ossuary)
  4 rats
86 creatures vanquished.

Notes
Turn   | Place    | Note
-------+----------+-------------------------------------------
     0 | D:1      | qw the Deep Elf Hunter began the quest for the Orb.
     0 | D:1      | Reached XP level 1. HP: 12/12 MP: 3/3
     0 | D:1      | 0 ||| qw: Version: 0.3-a-155-g5e7d8dd
     0 | D:1      | 0 ||| qw: Game counter: 3387
     0 | D:1      | 0 ||| qw: Melee chars always use a shield: true
     0 | D:1      | 0 ||| qw: God list: Okawaru
     0 | D:1      | 0 ||| qw: Allow faded altars: false
     0 | D:1      | 0 ||| qw: Do Orc after clearing Dungeon:15 true
     0 | D:1      | 0 ||| qw: Do second Lair branch before Depths: true
     0 | D:1      | 0 ||| qw: Lair rune preference: random
     0 | D:1      | 0 ||| qw: Goals: Normal
     0 | D:1      | 0 ||| PLANNING D:1-11
   383 | D:1      | Reached XP level 2. HP: 16/16 MP: 4/4
   415 | D:1      | Reached skill level 6 in Ranged Weapons
   798 | D:1      | Reached XP level 3. HP: 15/20 MP: 5/5
   867 | D:1      | 867 ||| UPGRADING to +0 pair of boots.
   872 | D:1      | 872 ||| READING scroll labelled DOIB KIAGE NOT.
   872 | D:1      | 872 ||| IDENTIFYING purple potion
   873 | D:1      | 873 ||| READING scroll labelled ISATWE DUNWUCS.
   878 | D:1      | 878 ||| DRINKING 2 yellow potions.
   879 | D:1      | 879 ||| DROPPING scroll of butterflies.
   880 | D:1      | 880 ||| DROPPING potion of degeneration.
  1114 | D:2      | Reached skill level 7 in Ranged Weapons
  1387 | D:2      | Reached XP level 4. HP: 23/25 MP: 6/6
  1872 | D:2      | 1872 ||| UPGRADING to +0 ring mail.
  1882 | D:2      | 1882 ||| DROPPING +0 leather armour.
  1883 | D:2      | 1883 ||| READING 2 scrolls of identify.
  1883 | D:2      | 1883 ||| IDENTIFYING viscous sapphire potion
  1884 | D:2      | 1884 ||| READING scroll of identify.
  1884 | D:2      | 1884 ||| IDENTIFYING bubbling yellow potion
  1885 | D:2      | 1885 ||| DROPPING potion of berserk rage.
  1921 | D:3      | Noticed Grinder
  1921 | D:3      | Noticed Jessica
  1923 | D:3      | 1923 ||| STAIRDANCE
  1933 | D:3      | Paralysed by Grinder for 3 turns
  1947 | D:3      | 1947 ||| STAIRDANCE
  2021 | D:3      | Paralysed by Grinder for 5 turns
  2026 | D:3      | 2026 ||| READING scroll of teleportation.
  2031 | D:3      | 2031 ||| FLEEEEING to unexplored (badform).
  2032 | D:3      | 2032 ||| FLEEEEING to unexplored (badform).
  2033 | D:3      | 2033 ||| FLEEEEING to unexplored (badform).
  2034 | D:3      | 2034 ||| FLEEEEING to unexplored (badform).
  2035 | D:3      | 2035 ||| FLEEEEING to unexplored (badform).
  2036 | D:3      | 2036 ||| FLEEEEING to unexplored (badform).
  2043 | D:3      | 2043 ||| FLEEEEING to unexplored (badform).
  2044 | D:3      | 2044 ||| FLEEEEING to unexplored (badform).
  2045 | D:3      | 2045 ||| FLEEEEING to unexplored (badform).
  2046 | D:3      | 2046 ||| FLEEEEING to unexplored (badform).
  2088 | D:3      | You fall into a shaft and drop 1 floor!
  2089 | D:4      | 2089 ||| PLANNING OSSUARY
  2094 | D:4      | Found a sand-covered staircase.
  2101 | Ossuary  | Entered an ossuary
  2119 | Ossuary  | Reached skill level 8 in Ranged Weapons
  2229 | Ossuary  | Reached XP level 5. HP: 12/29 MP: 7/7
  2235 | Ossuary  | Reached skill level 9 in Ranged Weapons
  2431 | D:4      | 2431 ||| PLANNING D:1-11
  2484 | D:4      | HP: 5/30 [hound (3)]
  2487 | D:4      | HP: 1/30 [hound (4)]
  2666 | D:4      | Reached XP level 6. HP: 33/35 MP: 8/8
  2709 | D:4      | 2709 ||| READING scroll of identify.
  2709 | D:4      | 2709 ||| IDENTIFYING coppery potion
  2710 | D:4      | 2710 ||| READING scroll labelled NAKUURPH XYHOE.
  2711 | D:4      | 2711 ||| DROPPING potion of ambrosia.
  2740 | D:3      | Killed Jessica
  2797 | D:3      | Noticed Robin
  2818 | D:3      | HP: 4/35 [Robin/+0 heavy spear (7)]
  2821 | D:3      | Slain by Robin

Levels and vault maps discovered:
D:1:      onia_arrival_handbag, layout_basic
D:2:      layout_basic
D:3:      layout_loops_cross, shapermc_ecumenical_altar_venn,
          minmay_quadrilaterals, uniq_robin, uniq_grinder, uniq_jessica,
          uniq_crazy_yiuf_cottage
D:4:      nicolae_cairo_tiling_large_dashed, layout_loops_ring,
          marbit_many_paths, nicolae_ossuary_entry_monument,
          minmay_misc_feat_plants

Skill      XL: |  1  2  3  4  5 |
---------------+----------------+-----
Ranged Weapons | 6 7 8 9 |  9.9
Fighting       | 2 |  2.0
Dodging        | |  2.4
Stealth        | |  1.2

Action                     |  1- 3 |  4- 6 || total
---------------------------+-------+-------++-------
  Melee: Unarmed           |       |     5 ||     5
   Fire: Shortbow          |    88 |   235 ||   323
    Use: Scroll            |     2 |     5 ||     7
         Potion            |     1 |       ||     1
   Stab: Confused          |       |     1 ||     1
 Armour: Leather armour    |    21 |       ||    21
         Ring mail         |       |   130 ||   130
         Skin              |       |    61 ||    61
  Dodge: Dodged            |    22 |   116 ||   138

Table legend:
 A = Non-vault XP
 B = Vault XP
 C = Vault XP percentage of total XP
 D = Non-vault monster count
 E = Vault monster count
 F = Vault count percentage of total count
                 A         B        C        D         E       F
            +---------+---------+-------+---------+---------+-------
      Total |     239 |     260 |  52.1 |      49 |      37 |  43.0
            +---------+---------+-------+---------+---------+-------
        D:1 |      40 |       7 |  14.9 |      15 |       4 |  21.1
        D:2 |      74 |       0 |   0.0 |      21 |       0 |   0.0
        D:3 |      16 |      61 |  79.2 |       6 |      13 |  68.4
        D:4 |     109 |       0 |   0.0 |       7 |       0 |   0.0
    Ossuary |       0 |     192 | 100.0 |       0 |      20 | 100.0
            +---------+---------+-------+---------+---------+-------
